 Dungeon Crawl Stone Soup version 0.32-a0-656-g3542139ebd (webtiles) character file.

Game seed: 9654967531374357761

5076 Dittersdorf the Fighter (level 10, -29/66 HPs)
             Began as a Gargoyle Fighter on Mar 8, 2024.
             Annihilated by a white ugly thing (32 damage)
             ... on level 10 of the Dungeon.
             The game lasted 00:09:29 (6475 turns).

Dittersdorf the Fighter (Gargoyle Fighter)          Turns: 6475, Time: 00:09:29

Health: -29/66     AC: 21    Str: 24    XL:     10   Next: 56%
Magic:  10/10      EV: 10    Int:  9    God:
Gold:   1489       SH:  5    Dex:  9    Spells: 9/9 levels left

rFire   + . .        p - +4 whip (freeze)
rCold   . . .        c - +0 buckler
rNeg    + . .        v - +2 ring mail {rF+}
rPois   ∞            w - +2 helmet
rElec   +            (no cloak)
rCorr   +            f - +0 pair of gloves
SInv    .            (no boots)
Will    .....        b - amulet of regeneration Stlth
                     l - ring of resist corrosion
HPRegen 1.11/turn    (no ring)
MPRegen 0.12/turn

%: no passive effects
@: mighty
A: sickness immunity, AC +7, negative energy resistance 1, electricity
resistance, torment resistance 1, petrification resistance
a: no special abilities


You were on level 10 of the Dungeon.
You visited 2 branches of the dungeon, and saw 11 of its levels.
You also visited: Sewer.

You collected 1489 gold pieces.

Inventory:

Hand Weapons
 p - a +4 whip of freezing (weapon)
 y - a +0 morningstar of flaming
Armour
 c - a +0 buckler (worn)
 f - a +0 pair of gloves (worn)
 v - a +2 ring mail of fire resistance (worn)
 w - a +2 helmet (worn)
Jewellery
 b - an amulet of regeneration (around neck)
 l - a ring of resist corrosion (left hand)
 x - the ring "Tizeitz" {rF- rN+ Will+ rCorr Dex+8}
   (You found it on level 6 of the Dungeon)

   [ring of willpower]

   Dex+8:     It affects your dexterity (+8).
   rF-:       It makes you vulnerable to fire.
   rN+:       It protects you from negative energy.
   Will+:     It increases your willpower.
   rCorr:     It protects you from acid and corrosion.
Wands
 i - a wand of light (13)
Scrolls
 h - 7 scrolls of teleportation
 j - a scroll of enchant weapon
 k - a scroll of fog
 q - 2 scrolls of brand weapon
Potions
 a - a potion of attraction {unknown}
 d - a potion of might
 g - 4 potions of heal wounds
 n - a potion of cancellation
 o - 3 potions of brilliance
 r - a potion of invisibility {unknown}
 s - a potion of mutation
 t - 3 potions of haste
 u - 5 potions of enlightenment


   Skills:
 + Level 9.1 Fighting
 + Level 7.9 Maces & Flails
 + Level 9.1 Armour
 + Level 9.1 Shields


You had 9 spell levels left.
You didn't know any spells.
Your spell library contained the following spells:

 Spells                   Type           Power      Damage    Failure   Level
 Blink                    Tloc           0%         N/A       71%         2
 Lesser Beckoning         Tloc           0%         N/A       71%         2
 Mercury Vapours          Alch/Air       0%         N/A       71%         2
 Momentum Strike          Conj/Tloc      0%         3d8       71%         2
 Fugue of the Fallen      Necr           0%         N/A       90%         3
 Inner Flame              Hex/Fire       0%         N/A       90%         3
 Flame Wave               Conj/Fire      0%         2d4       100%        4
 Fulminant Prism          Conj/Alch      0%         3d5       100%        4
 Martyr's Knell           Necr/Summ      0%         N/A       100%        4
 Petrify                  Alch/Erth      0%         N/A       100%        4
 Sticky Flame             Fire/Alch      0%         2d4       100%        4
 Irradiate                Conj/Alch      0%         3d11      100%        5
 Sublimation of Blood     Necr           Unusable   N/A       N/A         2

Dungeon Overview and Level Annotations

Branches:
Dungeon (11/15)            Temple (1/1) D:7            Lair (0/5) D:8
  Sewer (visited)
    Orc: D:9-12

Altars:
Ashenzari
Cheibriados
Dithmenos
Elyvilon
Fedhas
Hepliaklqana
Kikubaaqudgha
Makhleb
Nemelex Xobeh
Qazlal
Ru
Trog
Uskayaw
Vehumet
Wu Jian
Xom
Yredelemnul
Zin
The Shining One

Shops:
D:6 [   D:7 :

Annotations:
D:11 Sonja


Innate Abilities, Weirdness & Mutations

You are immune to sickness and miasma.
Your stone body is resilient. (AC +7)
You are immune to poison.
You resist negative energy. (rN+)
You are resistant to electric shocks. (rElec)
You are resistant to unholy torment.
You are immune to petrification.


Message History

The white ugly thing gurgles horribly!
The killer bee attacks as it pursues you!
The killer bee barely misses you. The killer bee stings you.
Things that are here:
a killer bee corpse; a killer bee corpse; a killer bee corpse The killer bee attacks as it pursues you!
You block the killer bee's attack. The killer bee stings you.
The killer bee barely misses you.
Okay, then.
You hit the killer bee. You freeze the killer bee.
The killer bee is heavily wounded.
The killer bee closely misses you. The killer bee stings you!
You hit the killer bee. You freeze the killer bee.
You kill the killer bee!
You whack the white ugly thing!
The white ugly thing is lightly wounded.
You block the white ugly thing's attack.
You barely miss the white ugly thing.
The white ugly thing is lightly wounded.
You closely miss the white ugly thing.
The white ugly thing is lightly wounded.
The white ugly thing stings you. The white ugly thing freezes you!!
Ouch! That really hurt!
* * * LOW HITPOINT WARNING * * *
You whack the white ugly thing! You freeze the white ugly thing.
The white ugly thing is moderately wounded.
The white ugly thing stings you but does no damage.
You barely miss the white ugly thing.
The white ugly thing is moderately wounded.
The white ugly thing stings you but does no damage.
You feel better. The white ugly thing stings you!
* * * LOW HITPOINT WARNING * * *
The white ugly thing freezes you!
* * * LOW HITPOINT WARNING * * *
You feel very mighty all of a sudden. The white ugly thing stings you.
* * * LOW HITPOINT WARNING * * *
The white ugly thing freezes you!!
You die...

.# # .#.#
.#.# #
...
#.#####.#
#...c†>c#
####y####
#u# #@#
#.# #.#
#.# #..
###


You could see a white ugly thing, a centaur and a killer bee.

Vanquished Creatures
  Maggie (D:6)
  A troll (D:8)
  Prince Ribbit (D:6)
  A wyvern (D:5)
  Sigmund (D:3)
  A wraith (D:8)
  3 yaks (D:8)
  Eustachio (D:4)
  Menkaure (D:6)
  Duvessa (D:5)
  A water moccasin (D:8)
  3 ice beasts
  A black bear (D:7)
  2 sky beasts
  3 wolves (D:8)
  An ogre (D:6)
  A brain worm (Sewer)
  2 bullfrogs
  8 scorpions
  Dowan (D:5)
  4 killer bees (D:10)
  3 electric eels (D:8)
  8 howler monkeys
  6 hounds
  2 bombardier beetles (D:6)
  A jelly (D:6)
  5 orc priests
  2 sleepcaps
  3 iguanas
  4 orc wizards
  3 gnolls
  4 river rats
  9 adders
  4 white imps
  2 ufetubi (D:6)
  2 ribbon worms
  4 dart slugs
  16 orcs
  12 ball pythons
  4 endoplasms
  5 giant cockroaches
  3 goblins
  6 hobgoblins
  5 jackals
  8 quokkas
  10 bats
  4 frilled lizards
  7 kobolds
  9 rats
  A spectral hobgoblin (D:7)
191 creatures vanquished.

Vanquished Creatures (others)
  A white imp (D:8)
1 creature vanquished.

Grand Total: 192 creatures vanquished

Notes
Turn   | Place    | Note
-------+----------+-------------------------------------------
     0 | D:1      | Dittersdorf the Gargoyle Fighter began the quest for the
                  | Orb.
     0 | D:1      | Reached XP level 1. HP: 14/14 MP: 1/1
   122 | D:1      | Reached XP level 2. HP: 19/19 MP: 2/2
   335 | D:1      | Reached XP level 3. HP: 20/23 MP: 3/3
   827 | D:1      | Reached XP level 4. HP: 14/29 MP: 4/4
  1388 | D:3      | Found a white marble altar of Elyvilon.
  1388 | D:3      | Found a glowing golden altar of the Shining One.
  1388 | D:3      | Found a glowing silver altar of Zin.
  1533 | D:3      | Noticed Sigmund
  1559 | D:3      | Killed Sigmund
  1560 | D:3      | Reached XP level 5. HP: 34/34 MP: 5/5
  1560 | D:3      | Reached XP level 6. HP: 39/39 MP: 6/6
  1630 | D:3      | Found a glowing drain.
  1637 | Sewer    | Entered a sewer
  1948 | Sewer    | Reached skill level 5 in Armour
  1974 | Sewer    | Reached skill level 5 in Fighting
  2222 | D:3      | Identified a scroll of acquirement
  2222 | D:3      | Acquired 1051 gold pieces
  2381 | D:3      | Reached skill level 5 in Shields
  2497 | D:3      | Found a faded altar of an unknown god.
  2685 | D:4      | Noticed Eustachio
  2717 | D:4      | Killed Eustachio
  2718 | D:4      | Reached XP level 7. HP: 18/44 MP: 7/7
  2743 | D:4      | Got the Incunable of Congelation and Evil
  3121 | D:4      | Found a snail-covered altar of Cheibriados.
  3121 | D:4      | Found a burning altar of Makhleb.
  3128 | D:4      | Found a basalt altar of Yredelemnul.
  3130 | D:4      | Found a sparkling altar of Nemelex Xobeh.
  3132 | D:4      | Found a sacrificial altar of Ru.
  3200 | D:5      | Entered Level 5 of the Dungeon
  3262 | D:5      | Noticed Duvessa
  3262 | D:5      | Noticed Dowan
  3280 | D:5      | Killed Duvessa
  3281 | D:5      | Reached XP level 8. HP: 48/51 MP: 8/8
  3291 | D:5      | Killed Dowan
  3412 | D:5      | Reached skill level 5 in Maces & Flails
  3687 | D:5      | Noticed a wyvern
  3704 | D:5      | Killed a wyvern
  4309 | D:6      | Reached XP level 9. HP: 46/57 MP: 9/9
  4532 | D:6      | Found Unweelet's Antique Armour Shoppe.
  4545 | D:6      | Identified the ring "Tizeitz" {rF- rN+ Will+ rCorr Dex+8}
  4683 | D:6      | Noticed Maggie
  4684 | D:6      | Noticed Menkaure
  4708 | D:6      | Killed Maggie
  4711 | D:6      | Killed Menkaure
  4919 | D:6      | Noticed Prince Ribbit
  4940 | D:6      | Killed Prince Ribbit
  5240 | D:7      | Found Xoll's Book Boutique.
  5458 | D:7      | Found a staircase to the Ecumenical Temple.
  5473 | Temple   | Entered the Ecumenical Temple
  5491 | D:7      | Found an ornate altar of the Wu Jian Council.
  5685 | D:7      | Found a shimmering altar of Xom.
  5714 | D:7      | Noticed a komodo dragon
  5873 | D:7      | Found a hazy altar of Hepliaklqana.
  6080 | D:8      | Found a staircase to the Lair.
  6100 | D:8      | Reached XP level 10. HP: 62/64 MP: 10/10
  6420 | D:8      | You fall into a shaft and drop 3 floors!
  6437 | D:10     | Entered Level 10 of the Dungeon
  6448 | D:11     | Noticed Sonja
  6462 | D:10     | Noticed a white ugly thing
  6475 | D:10     | HP: 3/66 [white ugly thing (4)]
  6475 | D:10     | Annihilated by a white ugly thing

Illustrated notes

Levels and vault maps discovered:
D:1:      psy_arrival_basics, layout_basic, minmay_tall_x
D:2:      cheibrodos_old_hovel, layout_rooms
D:3:      layout_loops_cross, dreamdust_divine_triumvirate,
          gup_sewer_entry_bubbles, ebering_ecumenical_altar_rust, uniq_sigmund
D:4:      layout_gridville, chequers_temple_overflow_minitemple, uniq_eustachio
D:5:      layout_loops_ring, serial_bayou, serial_bayou_shore_b,
          serial_bayou_pond_b, serial_bayou_shore_a, serial_bayou_pond_a,
          uniq_duvessa
D:6:      layout_gridville, serial_shops, nicolae_shop_tiny_waterfront,
          uniq_menkaure, uniq_maggie, uniq_prince_ribbit1
D:7:      layout_loops_corners, pdpol_wu_jian_five_deadly_venoms,
          mainiacjoe_overflow_alcove_4, nicolae_hepliaklqana_monster_ancestors,
          minmay_temple_entry_mini_moons, serial_shops, shop,
          lightli_corner_chamber
D:8:      layout_rooms, erik_lair_island, chequers_serial_rivers_marsh
D:10:     layout_loops_ring, minmay_microvault, uniq_josephine, uniq_erolcha
D:11:     layout_cave_pools, uniq_fannar, uniq_sonja
Temple:   hellmonk_temple_micro_hex

Skill      XL: |  1  2  3  4  5  6  7  8  9 10 |
---------------+-------------------------------+-----
Armour         | 4 5 6 8 9 |  9.1
Fighting       | 4 5 7 8 9 |  9.1
Shields        | 4 5 6 8 9 |  9.1
Maces & Flails | 3 4 5 7 |  7.9

Action                     |  1- 3 |  4- 6 |  7- 9 | 10-12 || total
---------------------------+-------+-------+-------+-------++-------
  Melee: Flail             |   105 |    43 |       |       ||   148
         Whip              |       |   196 |   382 |   187 ||   765
    Use: Scroll            |       |    11 |     5 |     1 ||    17
         Potion            |       |       |     3 |     2 ||     5
 Armour: Scale mail        |   124 |     3 |       |       ||   127
         Chain mail        |       |   235 |    49 |       ||   284
         Ring mail         |       |       |   207 |   147 ||   354
  Dodge: Dodged            |    88 |    96 |   114 |    85 ||   383
  Block: Buckler           |    45 |    52 |    73 |    35 ||   205

Table legend: (Time is in decaauts)
 A = Elapsed time spent in this place.
 B = Non-inter-level travel time spent in this place.
 C = Inter-level travel time spent in this place.
 D = Time resting spent in this place.
 E = Time spent auto-exploring this place.
 F = Levels seen in this place.
 G = Mean time per level.
                   A        B        C        D        E       F      G
               +--------+--------+--------+--------+--------+-----+--------+
         Total |   6662 |   6320 |    342 |    331 |   4162 |  12 |  555.2 |
       Dungeon |   5900 |   5558 |    342 |    331 |   3614 |  10 |  590.0 |
        Temple |      1 |      1 |      0 |      0 |      0 |   1 |    1.0 |
         Sewer |    759 |    759 |      0 |      0 |    548 |   1 |  759.0 |
               +--------+--------+--------+--------+--------+-----+--------+

Top non-repeatable levels by time:
     D:5: 1094 daAuts
     D:7: 1047 daAuts
     D:1: 852 daAuts
   Sewer: 759 daAuts
     D:3: 749 daAuts
     D:6: 730 daAuts
     D:2: 577 daAuts
     D:4: 523 daAuts
     D:8: 278 daAuts
    D:10: 28 daAuts
    D:11: 18 daAuts
  Temple: 1 daAuts
